 Dungeon Crawl Stone Soup version 0.30-b1-2-g02819fbbbe (webtiles) character file.

Game seed: 1432442061044714530

183111 Anon1729 the Unseen (level 18, -8/111 HPs)
             Began as an Octopode Monk on Sept 27, 2023.
             Was the Champion of Hepliaklqana.
             Killed from afar by an eleionoma (33 damage)
             ... with a spray of wooden splinters
             ... on level 1 of the Swamp on Oct 2, 2023.
             The game lasted 03:26:30 (52677 turns).

Anon1729 the Unseen (Octopode Monk)                Turns: 52677, Time: 03:26:30

Health: -8/111     AC: 11    Str: 16    XL:     18   Next: 36%
Magic:  18/32      EV: 22    Int: 22    God:    Hepliaklqana [******]
Gold:   1312       SH:  0    Dex: 23    Spells: 7/37 levels left

rFire   + .          .
                       - Unarmed
rCold   + . .        (no shield)
rNeg    . . .        B - +2 hat
rPois   +            (no amulet)
rElec   .            j - ring of poison resistance
rCorr   .            k - ring of protection from cold
SInv    .            D - +4 ring of protection
Will    ++...        P - +4 ring of protection
Stlth   ++++++++     s - +6 ring of strength
HPRegen 0.38/turn    G - ring of protection from cold
MPRegen 0.23/turn    b - ring of Kajyism {*Corrode Will+ Int+4 Dex+6}
                     p - ring of Viqeacez {Fire Slay+5 Stlth+}

%: corrode self (3%)
@: about to teleport, studying Translocations
A: reduced essence, almost no armour, amphibious, 8 rings, camouflage 1,
gelatinous body 1, (nimble swimmer 1), tentacles
a: Renounce Religion, Recall Ancestor, Ancestor Identity, Transference, Idealise


You were on level 1 of the Swamp.
You worshipped Hepliaklqana.
Hepliaklqana was exalted by your worship.
You visited 6 branches of the dungeon, and saw 30 of its levels.
You also visited: Ice Cave.

You collected 3496 gold pieces.
You spent 2184 gold pieces at shops.

Inventory:

Hand Weapons
 g - a +5 dagger of electrocution
 O - a +3 spectral quick blade
 Q - the +8 whip "Snakebite" {venom, curare, rPois}
   (You found it on level 1 of the Lair of Beasts)

   rPois:     It protects you from poison.
Missiles
 A - a throwing net
 V - 5 curare-tipped darts
Armour
 B - a +2 hat (worn)
Magical Staves
 E - a staff of poison
Jewellery
 b - the ring of Kajyism (on tentacle) {*Corrode Will+ Int+4 Dex+6}
   (You acquired it on level 1 of the Swamp)

   [ring of willpower]

   Int:       It affects your intelligence (+4).
   Dex:       It affects your dexterity (+6).
   *Corrode:  It may corrode you when you take damage.
   Will:      It increases your willpower.
 h - a ring of fire
 j - a ring of poison resistance (left tentacle)
 k - a ring of protection from cold (right tentacle)
 p - the ring of Viqeacez (on tentacle) {Fire Slay+5 Stlth+}
   (You bought it in a shop on level 2 of the Orcish Mines)

   [ring of fire]

   It enhances your fire magic.
   Slay:      It affects your accuracy & damage with ranged weapons and melee
   (+5).
   rF:        It protects you from fire.
   rC:        It makes you vulnerable to cold.
   Stlth:     It makes you more stealthy.
 s - a +6 ring of strength (on tentacle)
 D - a +4 ring of protection (on tentacle)
 G - a ring of protection from cold (on tentacle)
 P - a +4 ring of protection (on tentacle)
 Z - a ring of see invisible
Wands
 a - a wand of roots (53)
 r - a wand of paralysis (5)
 v - a wand of acid (6)
 H - a wand of polymorph (16)
 R - a wand of flame (13)
 W - a wand of mindburst (2)
Scrolls
 c - 5 scrolls of vulnerability
 d - 3 scrolls of enchant armour
 e - 6 scrolls of immolation
 f - 4 scrolls of amnesia
 t - 6 scrolls of magic mapping
 x - 12 scrolls of teleportation
 C - a scroll of silence
 F - 9 scrolls of poison
 U - a scroll of blinking
 X - a scroll of butterflies
 Y - 5 scrolls of fear
Potions
 i - 2 potions of haste
 l - 8 potions of brilliance
 m - 4 potions of attraction
 n - 8 potions of mutation
 o - 6 potions of curing
 q - 5 potions of flight
 u - 9 potions of lignification
 w - 2 potions of cancellation
 z - 2 potions of magic
 J - 4 potions of ambrosia
 L - 6 potions of heal wounds
 M - 3 potions of berserk rage
 N - 3 potions of might
 S - 5 potions of resistance
Miscellaneous
 I - a tin of tremorstones (2/2)
 K - a phial of floods
 T - a box of beasts (inert)


   Skills:
 + Level 11.5 Fighting
 + Level 11.3 Dodging
 + Level 15.3 Stealth
 + Level 11.4 Unarmed Combat
 + Level 10.1 Spellcasting
 - Level 10.1 Conjurations
 * Level 5.5 Transmutations
 + Level 10.7 Fire Magic
 + Level 9.6 Air Magic
 + Level 5.3 Earth Magic
 - Level 8.0 Poison Magic
 + Level 10.1 Invocations
 + Level 7.7 Evocations


You had 7 spell levels left.
You knew the following spells:

 Your Spells              Type           Power      Damage    Failure   Level
a - Foxfire               Conj/Fire      100%       2x1d9     1%          1
b - Searing Ray           Conj           100%       2d8       1%          2
c - Fireball              Conj/Fire      35%        3d15      2%          5
d - Olgreb's Toxic Radia  Pois           46%        N/A       2%          4
e - Ignite Poison         Fire/Tmut/Pois 63%        N/A       1%          3
f - Summon Lightning Spi  Summ/Air       32%        N/A       9%          4
g - Freezing Cloud        Conj/Ice/Air   20%        6-21      11%         5
h - Plasma Beam           Fire/Air       35%        2x1d53    14%         6

Your spell library contained the following spells:

 Spells                   Type           Power      Damage    Failure   Level
 Magic Dart               Conj           100%       1d8       1%          1
 Sting                    Tmut/Pois      100%       1d8       1%          1
 Cigotuvi's Dreadful Rot  Necr/Pois/Air  74%        N/A       1%          2
 Poisonous Vapours        Pois/Air       98%        N/A       1%          2
 Static Discharge         Conj/Air       100%       2-7/arc   1%          2
 Inner Flame              Hex/Fire       51%        N/A       1%          3
 Mephitic Cloud           Conj/Pois/Air  51%        N/A       1%          3
 Airstrike                Air            26%        2d(4-20)  1%          4
 Flame Wave               Conj/Fire      71%        2d16      1%          4
 Sticky Flame             Conj/Fire      71%        2d8       1%          4
 Apportation              Tloc           22%        N/A       6%          1
 Fulminant Prism          Conj/Hex       16%        3d10      8%          4
 Alistair's Intoxication  Tmut/Pois      27%        N/A       11%         5
 Starburst                Conj/Fire      35%        6d10      13%         6
 Lee's Rapid Deconstruct  Erth           17%        3d10*     19%         5
 Leda's Liquefaction      Hex/Erth       11%        N/A       21%         4
 Eringya's Noxious Bog    Tmut/Pois      20%        N/A       50%         6
 Statue Form              Tmut/Erth      23%        N/A       69%         6


Dungeon Overview and Level Annotations

Branches:
Dungeon (15/15)            Temple (1/1) D:4            Lair (5/5) D:8
  Swamp (3/4) Lair:2        Snake (4/4) Lair:3        Slime (0/5) Lair:5
    Orc (2/2) D:11            Elf (0/3) Orc:2        Vaults (0/5) D:13
 Depths (0/4) D:15          IceCv (visited)

Altars:
Ashenzari
Cheibriados
Dithmenos
Elyvilon
Fedhas
Gozag
Hepliaklqana
Kikubaaqudgha
Makhleb
Nemelex Xobeh
Okawaru
Qazlal
Ru
Sif Muna
Trog
Uskayaw
Vehumet
Wu Jian
Xom
Yredelemnul
Zin
The Shining One

Shops:
D:5 *   D:15 (   Orc:2 =([[   Snake:1 [((

Portals:
Trove: D:12 (give 5 scrolls of fear)

Annotations:
D:3 exclusion: downstairs
D:9 exclusion: downstairs
Lair:2 2 transporters, exclusion: downstairs
Swamp:1 Ysuot's ghost, journeyman OpWn
Swamp:2 exclusion: downstairs
Swamp:3 Mara
Snake:1 exclusion: downstairs
Orc:1 1 runed translucent door, exclusion: door, Jisity's ghost, adept HuFi


Innate Abilities, Weirdness & Mutations

Your life essence is reduced to manifest your ancestor. (-10% HP)
You cannot wear most types of armour.
You are amphibious.
You can wear up to eight rings at the same time.
Your skin changes colour to match your surroundings (Stealth+).
Your rubbery body absorbs attacks. (AC +1, EV +1)
((You are camouflaged when in or above water. (Stealth+)))
You have tentacles for arms and can constrict up to eight enemies at once.


Message History

Aiming: Fireball (dangerous; 2% risk of failure)
Press: ? - help, Shift-Dir - straight line, f - ghoul
Aim: a ghoul (heavily damaged)
You feel a surge of power! That beam is likely to hit you.
Continue anyway?
The fireball explodes!
The fireball engulfs the ghoul!!
The ghoul is severely damaged.
The fireball engulfs you! You resist.
The fireball engulfs the eleionoma!!
The eleionoma is almost dead.
The fireball engulfs the ghoul!!
The ghoul is severely damaged.
The fireball engulfs the eleionoma!!
You kill the eleionoma!
An eleionoma bone magically twists into a wand of paralysis (8).
The ghoul claws you! The ghoul barely misses you.
Tiberia blocks the tentacled monstrosity's attack.
The tentacled monstrosity tentacle-slaps Tiberia but does no damage. x2
The ghoul closely misses you. The ghoul claws you!
Tiberia hits the tentacled monstrosity with a +0 broad axe of flaming!
You enter the transporter and appear at another place.
The ghoul closely misses you. The ghoul misses you.
Tiberia blocks something's attack.
Something tentacle-slaps Tiberia but does no damage. x2
The eleionoma misses you. The ghoul closely misses you. The ghoul claws you!
Casting: Fireball (dangerous; 2% risk of failure)
Confirm with . or Enter, or press ? or * to list all spells.
Aiming: Fireball (dangerous; 2% risk of failure)
Press: ? - help, Shift-Dir - straight line, f - eleionoma, p - ghoul
Aim: an eleionoma (almost dead)
Okay, then.
Unknown command.
Okay, then.
Unknown command.
As you read the scroll of teleportation, it crumbles to dust.
You feel strangely unstable. The ghoul claws you but does no damage.
The ghoul claws you!
* * * LOW HITPOINT WARNING * * *
The eleionoma hurls a spray of splinters at you.
The spray of wooden splinters hits you!!
You die...

.♣♣.♣♣♣......♣....♣...♣♣♣♣.~.♣♣♣♣
~♣♣..~~.~.♣♣♣..~..~..~♣♣~.~.♣♣♣.~
.~.....♣....♣~.~...~~~♣~.~......§
♣♣♣♣♣♣♣♣♣..~.~.~~..~...~~♣♣.♣♣.♣~
♣♣♣♣....~........♣♣♣.♣♣.~~
♣♣~♣~.~.~.~.....~~♣ ♣.♣♣.~~
♣.~~..~~..~.~...♣♣♣ ♣.♣~>~~
♣♣.♣.....nnR.....♣♣ ♣.♣...~
♣♣......)@.......♣ ♣.♣.♣§~
♣...#########...♣ ♣~~...~
♣..##8:!..!8##..♣ ♣.~♣~~~
♣..#§./......#..♣ ♣.~§~~~ ♣♣♣
♣..#..W......#..♣ ♣~~~~~) ♣♣.♣♣
♣..#.........#..♣ ♣..~~~~
♣..~♣♣♣..#....©....#..♣ ♣♣~~~~~
♣♣♣...♣♣..#....R....#..♣ ♣.....
♣♣....♣♣♣..#.....X)..#..♣ ♣.~§~§


You could see the friendly Tiberia the knight, 2 ghouls, an eleionoma and
Ysuot's ghost.

Vanquished Creatures
  A thorn hunter (Swamp:2)
  3 fenstrider witches
  2 orc warlords (Orc:1)
  A reaper (IceCv)
  An eleionoma (Swamp:1)
  A fire dragon (Lair:5)
  An ettin (Orc:2)
  A salamander tyrant (Snake:2)
  Erolcha (D:11)
  2 shambling mangroves
  An ice dragon (Lair:5)
  A catoblepas (D:15)
  12 anacondas
  16 hydras
  3 boulder beetles
  7 centaur warriors
  3 alligators
  7 two-headed ogres
  3 tengu warriors
  6 naga warriors
  6 naga sharpshooters
  5 death yaks
  3 orc high priests (Orc:2)
  5 shock serpents
  A salamander mystic (Snake:1)
  A skyshark (Lair:5)
  5 sea snakes (Snake:2)
  4 goliath frogs
  3 swamp dragons
  A deep troll (D:10)
  A naga ritualist (Snake:3)
  5 spriggan druids (Swamp:2)
  3 lindwurms
  A deep elf zephyrmancer (D:13)
  4 deep elf pyromancers
  An orc sorcerer (Orc:2)
  A will-o-the-wisp (Swamp:1)
  6 cyclopes
  3 manticores
  2 oklob plants (Lair:4)
  4 mana vipers
  7 salamanders
  An ugly thing (D:12)
  12 elephants
  2 ice statues (IceCv)
  3 guardian serpents
  2 gargoyles
  9 black mambas
  4 cane toads
  10 naga magi
  An unseen horror (shapeshifter) (D:13)
  3 torpor snails (Lair:5)
  An unseen horror (D:10)
  5 komodo dragons
  A kobold demonologist (D:13)
  2 freezing wraiths
  A yaktaur (shapeshifter) (D:14)
  4 rime drakes
  2 polar bears (Lair:4)
  3 bloated husks
  2 ice devils (IceCv)
  9 trolls
  An anaconda simulacrum (IceCv)
  16 hornets
  A wind drake (shapeshifter) (D:13)
  19 blink frogs
  6 tyrant leeches
  10 dream sheep
  5 slime creatures
  8 spriggans
  A vampire (D:12)
  Sigmund (D:4)
  A dire elephant simulacrum (IceCv)
  2 wraiths
  31 yaks
  Eustachio (D:5)
  4 wyverns
  3 steam dragons
  13 vampire mosquitoes
  Menkaure (D:6)
  A death yak simulacrum (IceCv)
  6 swamp worms
  7 wargs
  19 nagas
  9 water moccasins
  5 acid dragons
  Duvessa (D:4)
  34 orc warriors
  4 swamp drakes
  An ice beast (D:6)
  3 black bears
  8 ogres
  6 wolves
  8 centaurs
  3 phantoms
  A bullfrog (shapeshifter) (D:13)
  6 kobold brigands
  10 bullfrogs
  2 scorpions
  A cane toad simulacrum (IceCv)
  A two-headed ogre simulacrum (IceCv)
  4 wights (D:8)
  3 troll zombies (D:11)
  Dowan (D:4)
  An elephant simulacrum (IceCv)
  2 howler monkeys
  2 electric eels (Lair:4)
  A bullfrog zombie (D:7)
  4 hounds
  A centaur zombie (D:7)
  3 gnoll boudas
  17 orc priests
  2 sleepcaps
  Jessica (D:2)
  Ijyb (D:3)
  2 iguanas
  22 orc wizards
  10 hell rats
  3 spriggan simulacra (IceCv)
  2 troll simulacra (IceCv)
  5 ogre zombies (D:11)
  24 gnolls
  11 adders
  A naga simulacrum (IceCv)
  2 white imps
  3 ufetubi
  2 worms
  3 dart slugs
  88 orcs
  9 ball pythons
  7 bats
  8 endoplasms
  A giant cockroach (D:2)
  7 goblins
  10 hobgoblins
  A quokka (D:3)
  3 frilled lizards (D:1)
  A goblin skeleton (D:11)
  3 hobgoblin zombies (D:11)
  30 kobolds
  2 orc skeletons (D:11)
  13 orc zombies (D:11)
  2 rats
800 creatures vanquished.

Vanquished Creatures (collateral kills)
  Rupert (Snake:1)
  Gastronok (Lair:2)
  A stone giant (D:15)
  An eleionoma (Swamp:2)
  3 hydras
  An ogre mage (D:13)
  An anaconda (Snake:2)
  4 boulder beetles
  A death yak (Lair:5)
  2 naga sharpshooters
  7 naga warriors
  Urug (D:10)
  2 spriggans (Swamp:2)
  3 shock serpents (Snake:3)
  3 salamander mystics
  A spriggan druid (Swamp:2)
  4 sea snakes (Snake:2)
  2 goliath frogs (Swamp:1)
  A skyshark (Lair:3)
  2 naga ritualists (Snake:3)
  2 bog bodies
  A deep elf archer (D:13)
  A mana viper (Snake:3)
  An orc knight (D:13)
  2 deep elf pyromancers (D:13)
  3 ugly things
  2 cyclopes
  2 will-o-the-wisps (Swamp:1)
  6 salamanders
  4 elephants
  4 naga magi
  10 black mambas
  A guardian serpent (Snake:2)
  Maurice (D:10)
  A torpor snail (Lair:5)
  6 cane toads
  3 unseen horrors
  A komodo dragon (Lair:5)
  2 rime drakes
  An anaconda simulacrum (IceCv)
  4 ice devils (IceCv)
  5 hornets
  2 tyrant leeches
  2 dream sheep (Lair:4)
  2 blink frogs
  The ghost of enotiy the Chopper, an amateur GrFi (D:3)
  A centaur simulacrum (D:15)
  10 yaks
  A wyvern (D:10)
  2 basilisks
  3 vampire mosquitoes
  2 nagas (Snake:3)
  A warg (Orc:1)
  2 swamp worms
  2 acid dragons
  2 water moccasins
  5 orc warriors
  A swamp drake (Swamp:1)
  8 ogres
  4 wolves
  2 centaurs
  A phantom (D:11)
  2 kobold brigands (D:13)
  2 bullfrogs
  An elephant simulacrum (IceCv)
  A howler monkey (D:12)
  3 orc priests
  An iguana (Lair:5)
  5 orc wizards
  4 hell rats
  2 adders (Lair:1)
  3 naga simulacra (IceCv)
  7 orcs
  A hobgoblin skeleton (D:11)
  An orc skeleton (D:11)
  4 orc zombies (D:11)
  26 foxfires
222 creatures vanquished.

Vanquished Creatures (others)
  A spriggan (Swamp:1)
  A wizard (D:5)
  A will-o-the-wisp (Swamp:1)
  2 bloated husks (Swamp:1)
  A tyrant leech (Swamp:1)
  A hornet (Swamp:1)
  32 knights
  2 ufetubi (IceCv)
  A bush (D:4)
  2017 foxfires
  18 fungi
  86 plants
2163 creatures vanquished.

Grand Total: 3185 creatures vanquished

Notes
Turn   | Place    | Note
-------+----------+-------------------------------------------
     0 | D:1      | Anon1729 the Octopode Monk began the quest for the Orb.
     0 | D:1      | Reached XP level 1. HP: 16/16 MP: 1/1
   190 | D:1      | Reached XP level 2. HP: 15/21 MP: 2/2
   225 | D:1      | Learned a level 1 spell: Foxfire
   238 | D:1      | Reached skill level 1 in Stealth
  1052 | D:2      | Reached XP level 3. HP: 23/26 MP: 4/4
  1209 | D:2      | Noticed Jessica
  1216 | D:2      | Killed Jessica
  1217 | D:2      | Reached skill level 2 in Stealth
  1217 | D:2      | Reached skill level 1 in Spellcasting
  1227 | D:2      | Reached XP level 4. HP: 30/31 MP: 5/5
  1843 | D:2      | Found an iron altar of Okawaru.
  2223 | D:3      | Found a runed translucent door.
  2269 | D:3      | Noticed Ijyb
  2599 | D:3      | Reached XP level 5. HP: 33/36 MP: 2/7
  2940 | D:3      | Noticed enotiy's ghost (amateur GrFi)
  3137 | D:4      | Found a staircase to the Ecumenical Temple.
  3138 | D:4      | Noticed Duvessa
  3139 | D:4      | Noticed Dowan
  3139 | D:4      | Noticed Sigmund
  3140 | D:4      | Noticed a yak
  3140 | D:4      | Noticed a yak
  3243 | D:4      | Reached skill level 1 in Conjurations
  3491 | D:4      | Reached skill level 3 in Stealth
  3743 | D:4      | Reached XP level 6. HP: 43/43 MP: 4/8
  3827 | D:4      | Found a sparkling altar of Nemelex Xobeh.
  3861 | D:4      | Reached skill level 1 in Fire Magic
  4022 | D:4      | Noticed a yak
  4023 | D:4      | Noticed a yak
  4023 | D:4      | Noticed a yak
  4024 | D:4      | Noticed a yak
  4035 | D:4      | HP: 1/43 [yak (18)]
  4198 | D:2      | Learned a level 2 spell: Searing Ray
  4363 | D:3      | Killed Ijyb
  4845 | D:3      | Killed a yak
  4846 | D:3      | Reached skill level 4 in Stealth
  4846 | D:3      | Reached XP level 7. HP: 33/48 MP: 7/10
  5153 | Temple   | Entered the Ecumenical Temple
  5516 | D:5      | Entered Level 5 of the Dungeon
  6467 | D:5      | Noticed Eustachio
  6494 | D:5      | Found a bloodstained altar of Trog.
  6497 | D:5      | Noticed a wizard
  6502 | D:5      | Killed a wizard
  6571 | D:5      | Reached XP level 8. HP: 54/54 MP: 9/12
  6736 | D:5      | Found an iron altar of Okawaru.
  6924 | D:5      | Found a sacrificial altar of Ru.
  7123 | D:5      | Reached skill level 5 in Stealth
  7162 | D:5      | Found Sereawn's General Store.
  7164 | D:5      | Found Nouss's Specific Store.
  7172 | D:5      | Bought a potion of curing for 33 gold pieces
  7519 | D:3      | Killed a yak
  7627 | D:4      | Killed Sigmund
  7773 | D:4      | Reached skill level 5 in Dodging
  7773 | D:4      | Reached skill level 5 in Unarmed Combat
  7906 | D:4      | Killed Duvessa
  7907 | D:4      | Reached skill level 5 in Fighting
  8434 | D:6      | Found an ornate altar of the Wu Jian Council.
  8501 | D:6      | Reached skill level 6 in Stealth
  8501 | D:6      | Reached XP level 9. HP: 50/61 MP: 6/14
  8621 | D:6      | Noticed Menkaure
  8636 | D:6      | Killed Menkaure
  9365 | D:7      | Found a blossoming altar of Fedhas.
 10519 | D:7      | Found a basalt altar of Yredelemnul.
 10689 | D:4      | Killed Dowan
 10748 | D:4      | Reached skill level 7 in Stealth
 11293 | D:5      | Killed Eustachio
 11525 | D:8      | Reached XP level 10. HP: 61/68 MP: 14/17
 11563 | D:8      | Found a staircase to the Lair.
 11774 | D:8      | Reached skill level 5 in Conjurations
 11975 | D:8      | Reached skill level 5 in Spellcasting
 11999 | D:8      | Reached skill level 8 in Stealth
 12299 | D:8      | Reached skill level 5 in Fire Magic
 13005 | D:9      | Found a glowing silver altar of Zin.
 13665 | D:9      | Reached skill level 1 in Air Magic
 13793 | D:9      | Found a hide-covered altar of Uskayaw.
 14182 | D:10     | Entered Level 10 of the Dungeon
 14214 | D:10     | Noticed a two-headed ogre
 14223 | D:10     | Killed a two-headed ogre
 14224 | D:10     | Reached XP level 11. HP: 74/74 MP: 13/19
 14930 | D:10     | Noticed Maurice
 15594 | D:10     | Noticed Urug
 15645 | D:10     | Reached skill level 9 in Stealth
 15698 | D:10     | Noticed Erica
 15705 | D:10     | Paralysed by Erica for 3 turns
 15710 | D:10     | Erica changed into Erica the deep troll
 15710 | D:10     | Noticed Erica
 15716 | D:10     | Killed Erica the deep troll
 15855 | D:10     | Found a hazy altar of Hepliaklqana.
 15861 | D:10     | Became a worshipper of Hepliaklqana the Forgotten
 15861 | D:10     | Reached * piety under Hepliaklqana
 15861 | D:10     | Reached ** piety under Hepliaklqana
 15862 | D:10     | Remembered your ancestor Tiberia as a knight
 15937 | D:10     | Killed Maurice
 16010 | D:10     | Found a radiant altar of Vehumet.
 16077 | Lair:1   | Entered Level 1 of the Lair of Beasts
 17009 | Lair:1   | Reached skill level 10 in Stealth
 17148 | Lair:1   | Reached XP level 12. HP: 66/73 MP: 18/21
 17970 | Lair:1   | Found the +8 whip "Snakebite" {venom, curare, rPois}
 18103 | Lair:2   | Found a transporter.
 18615 | Lair:2   | Found a transporter.
 18616 | Lair:2   | Noticed a seven-headed hydra
 18628 | Lair:2   | Noticed Gastronok
 18824 | Lair:2   | Killed a seven-headed hydra
 18825 | Lair:2   | Reached skill level 5 in Air Magic
 18841 | Lair:2   | Killed Gastronok
 18842 | Lair:2   | Reached skill level 1 in Poison Magic
 18842 | Lair:2   | Reached skill level 1 in Invocations
 18992 | Lair:2   | Reached skill level 11 in Stealth
 19709 | Lair:2   | Noticed an eight-headed hydra
 19711 | Lair:2   | Noticed a five-headed hydra
 20057 | Lair:2   | Killed a five-headed hydra
 20058 | Lair:2   | Reached XP level 13. HP: 80/80 MP: 23/23
 20113 | Lair:2   | Found a staircase to the Swamp.
 20622 | Lair:3   | Reached *** piety under Hepliaklqana
 20646 | Lair:3   | Identified the +0 helmet "Pischec" {+Inv Int+8 Dex-5
                  | Stlth-}
 20896 | Lair:3   | Found a staircase to the Snake Pit.
 21601 | Lair:3   | Learned a level 5 spell: Fireball
 21698 | Lair:4   | Identified the +0 scale mail of Pan-Flutes {rCorr}
 21896 | Lair:4   | Found a blossoming altar of Fedhas.
 22330 | Lair:4   | Reached **** piety under Hepliaklqana
 22760 | Lair:5   | Entered Level 5 of the Lair of Beasts
 22843 | Lair:4   | Reached skill level 5 in Invocations
 23099 | Lair:4   | Learned a level 4 spell: Olgreb's Toxic Radiance
 23688 | D:11     | Found a staircase to the Orcish Mines.
 23743 | D:11     | Noticed Erolcha
 23750 | D:11     | Killed Erolcha
 23751 | D:11     | Reached skill level 1 in Evocations
 23850 | D:11     | Found a frozen archway.
 23872 | IceCv    | Entered an ice cave
 23895 | IceCv    | Reached skill level 12 in Stealth
 24361 | IceCv    | Reached XP level 14. HP: 87/87 MP: 14/25
 24996 | IceCv    | Noticed a reaper
 25058 | IceCv    | Killed a reaper
 25358 | IceCv    | Found the +4 skin of Zhor {*Englaciate rC+++ SInv}
 25363 | IceCv    | Found the +2 Maxwell's thermic engine {flame, freeze, rev}
 26357 | D:3      | Killed enotiy's ghost
 26603 | D:10     | Killed Urug
 26725 | D:12     | HP: 4/87 [centaur/+0 halberd (14)]
 26856 | D:5      | Bought 2 potions of mutation for 176 gold pieces
 26856 | D:5      | Bought a wand of paralysis (9) for 237 gold pieces
 26969 | D:5      | Bought 2 scrolls of fear for 112 gold pieces
 27289 | Orc:1    | Entered Level 1 of the Orcish Mines
 27417 | Orc:1    | Found a runed translucent door.
 27417 | Orc:1    | Found a shimmering altar of Xom.
 27417 | Orc:1    | Noticed Jisity's ghost (adept HuFi)
 27759 | Orc:1    | Noticed an orc warlord
 28004 | Orc:1    | Killed an orc warlord
 28005 | Orc:1    | Reached skill level 5 in Poison Magic
 28295 | Orc:2    | Entered Level 2 of the Orcish Mines
 28518 | Orc:2    | Noticed an orc warlord
 29087 | Orc:1    | Killed an orc warlord
 29615 | Orc:2    | Found a staircase to the Elven Halls.
 30083 | Orc:2    | Found Xyheh's Armour Emporium.
 30130 | Orc:2    | Found Rofuiz's Antique Weapon Shoppe.
 30139 | Orc:2    | Found Kaxt's Antique Armour Emporium.
 30264 | Orc:2    | Found Kyfeur's Jewellery Boutique.
 30393 | Orc:2    | Bought the ring of Viqeacez {Fire Slay+5 Stlth+} for 558
                  | gold pieces
 31391 | D:12     | Identified the +2 rapier of the Endless Expanse {drain,
                  | rPois Stlth+}
 31768 | D:12     | Reached XP level 15. HP: 32/92 MP: 0/27
 32067 | D:12     | Reached ***** piety under Hepliaklqana
 32378 | D:12     | Found a portal to a secret trove of treasure.
 33472 | D:13     | Reached skill level 13 in Stealth
 33804 | D:13     | Found a gate to the Vaults.
 33818 | D:13     | Identified the +0 helmet "Kybekk" {rPois rC++ Str-4}
 33931 | D:14     | Reached skill level 10 in Fighting
 34448 | D:14     | Noticed Lodul
 34449 | D:14     | Lodul changed into Lodul the basilisk
 34449 | D:14     | Noticed Lodul
 34457 | D:14     | Killed Lodul the basilisk
 34520 | D:14     | Reached skill level 10 in Unarmed Combat
 35338 | D:14     | Reached skill level 10 in Dodging
 35514 | D:14     | Learned a level 3 spell: Ignite Poison
 35539 | D:15     | Entered Level 15 of the Dungeon
 35746 | D:15     | Found a staircase to the Depths.
 36071 | D:15     | Found Ikovueta's Weapon Emporium.
 36103 | D:15     | Reached skill level 1 in Transmutations
 37317 | Lair:4   | Reached skill level 5 in Evocations
 37988 | Lair:5   | Reached XP level 16. HP: 98/98 MP: 9/28
 38253 | Lair:5   | Reached skill level 1 in Earth Magic
 38642 | Lair:5   | Found a staircase to the Slime Pits.
 39284 | Lair:5   | Found a runed translucent door.
 40267 | Lair:5   | Found a hide-covered altar of Uskayaw.
 40267 | Lair:5   | Found an ornate altar of the Wu Jian Council.
 41008 | Snake:1  | Entered Level 1 of the Snake Pit
 41813 | Snake:1  | Reached skill level 14 in Stealth
 41958 | Snake:1  | Found Impuni's Magic Scroll Shop.
 41967 | Snake:1  | Bought a scroll of teleportation for 39 gold pieces
 41967 | Snake:1  | Bought a scroll of identify for 26 gold pieces
 41967 | Snake:1  | Bought 3 scrolls of identify for 78 gold pieces
 41967 | Snake:1  | Bought a scroll of identify for 26 gold pieces
 41967 | Snake:1  | Bought a scroll of identify for 26 gold pieces
 41967 | Snake:1  | Bought a scroll of brand weapon for 123 gold pieces
 41967 | Snake:1  | Bought a scroll of fear for 52 gold pieces
 41967 | Snake:1  | Bought a scroll of poison for 52 gold pieces
 41967 | Snake:1  | Bought a scroll of identify for 26 gold pieces
 42107 | Snake:1  | Found Cuereypn's Antique Weapon Emporium.
 42107 | Snake:1  | Found Cosy's Armour Shoppe.
 42108 | Snake:1  | Found Afemy's Antique Weapon Emporium.
 42112 | Snake:1  | Found Hozerr's Distillery.
 42118 | Snake:1  | Bought a potion of heal wounds for 100 gold pieces
 42118 | Snake:1  | Bought a potion of brilliance for 80 gold pieces
 42118 | Snake:1  | Bought a potion of resistance for 200 gold pieces
 42118 | Snake:1  | Bought a potion of might for 80 gold pieces
 42118 | Snake:1  | Bought a potion of flight for 60 gold pieces
 42118 | Snake:1  | Bought a potion of heal wounds for 100 gold pieces
 42466 | Snake:1  | Noticed Rupert
 42475 | Snake:1  | Killed Rupert
 42491 | Snake:1  | Found an opulent altar of Gozag.
 43118 | Snake:2  | Reached skill level 10 in Conjurations
 43627 | Snake:2  | Reached ****** piety under Hepliaklqana
 43765 | Snake:2  | Reached XP level 17. HP: 87/104 MP: 30/30
 44151 | Snake:2  | Learned a level 4 spell: Summon Lightning Spire
 44157 | Snake:2  | Learned a level 5 spell: Alistair's Intoxication
 44164 | Snake:2  | Learned a level 6 spell: Plasma Beam
 44351 | Snake:2  | Got Vexzuel's Essays on the Stinger
 44357 | Snake:2  | Found a basalt altar of Yredelemnul.
 44373 | Snake:2  | Reached skill level 10 in Fire Magic
 45186 | Snake:2  | Learned a level 5 spell: Freezing Cloud
 48397 | Snake:4  | Entered Level 4 of the Snake Pit
 49036 | Swamp:1  | Entered Level 1 of the Swamp
 49141 | Swamp:1  | Found a transporter.
 49143 | Swamp:1  | Noticed a tentacled monstrosity
 49145 | Swamp:1  | Noticed Ysuot's ghost (journeyman OpWn)
 49187 | Swamp:1  | Reached skill level 5 in Transmutations
 49536 | Swamp:1  | Reached skill level 15 in Stealth
 50328 | Swamp:1  | Found a transporter.
 50334 | Swamp:1  | Identified a scroll of acquirement
 50335 | Swamp:1  | Acquired the ring of Kajyism {*Corrode Will+ Int+4 Dex+6}
 50368 | Swamp:1  | You fall into a shaft and drop 1 floor!
 50375 | Swamp:2  | Reached XP level 18. HP: 111/111 MP: 24/31
 50902 | Swamp:2  | Reached skill level 10 in Spellcasting
 50904 | Swamp:2  | Reached skill level 5 in Earth Magic
 50910 | Swamp:2  | Reached skill level 10 in Invocations
 51954 | Swamp:3  | Noticed Mara
 52677 | Swamp:1  | Killed from afar by an eleionoma

Illustrated notes

Levels and vault maps discovered:
D:1:      eino_arrival_cavern_b, layout_loops_ring
D:2:      layout_basic, basic_altar, minmay_cupped, uniq_jessica
D:3:      minmay_door_path, layout_rooms, ebering_ghost_reflecting_pool,
          minivault_24, uniq_ijyb
D:4:      layout_loops_cross, nemelex_spade_bored_becter,
          minmay_temple_entry_drinking_statues, serial_park_tiny_1,
          uniq_duvessa, uniq_sigmund
D:5:      layout_rooms, trog_wizard, mainiacjoe_overflow_alcove_1,
          kennysheep_mini_moat, nicolae_specific_store,
          kennysheep_generic_room_7, uniq_eustachio
D:6:      layout_rooms, lemuel_coloured_pillars_altar, uniq_menkaure
D:7:      layout_cave_pods, mainiacjoe_overflow_paths,
          lemuel_zombie_altar_yredelemnul, kennysheep_generic_room_6
D:8:      layout_gridville, erik_lair_orcish_takeover
D:9:      layout_roguey, amcnicky_altar_gilded,
          mainiacjoe_overflow_cross_hatched
D:10:     layout_rooms, general_overflow_altar, mainiacjoe_overflow_alcove_4,
          uniq_maurice, uniq_erica, uniq_urug
D:11:     layout_gridville, zombieorc2_lemuel, portal_ice_cave_rime,
          uniq_erolcha
D:12:     layout_rooms, enter_trove_6, st_stairs_13, minmay_alternating_orb
D:13:     layout_cave_pools, hangedman_vaults_entry_quadrant_bands
D:14:     layout_loops_cross, serial_park_avenue1, uniq_lodul
D:15:     grunt_enter_depths_snipers, layout_gridville, grunt_decor_clamped,
          serial_shops, nicolae_square_shop, minmay_misc_feat_ornament
Temple:   chequers_temple_sunken
Lair:1:   minmay_guarded_unrand_snakebite, layout_cave_pods, grunt_megastairs_1
Lair:2:   gammafunk_worm_tunnel, layout_cave_shapes, palyth_hydra_swamp_entry,
          st_stairs_3, uniq_gastronok
Lair:3:   layout_roguey, minmay_snake_entry_guardpost_small, ldierk_geyser,
          cheibrodos_lair_caveside_slide, lemuel_fruit_tree, grunt_megastairs_5,
          infiniplex_staircase_pool_2
Lair:4:   layout_big_grid, hangedman_tree_tricks, beast_lair_carwin_5,
          serial_bayou_shore_a
Lair:5:   guppyfry_lair_end_dragon, layout_regular_city, wormcave,
          slime_entry_1, gauntlet_entry_generic,
          nzn_masters_of_martial_movement, serial_bayou_shore_b
Swamp:1:  layout_falls_marsh, gammafunk_ghost_arena,
          evilmike_swamp_ruin_rubble_1, swamp_pool1, hangedman_swamp_blocks,
          nicolae_swamp_little_swirl
Swamp:2:  nzn_winding_woodlands_cross
          [nzn_winding_woodlands_5x15_pathside_ponds,
          nzn_winding_woodlands_5x15_pool, nzn_winding_woodlands_5x15_default,
          nzn_winding_woodlands_5x15_lazy_stream,
          nzn_winding_woodlands_15x15_witchcraft], layout_basic_swamp,
          nicolae_swamp_trees_clearing, swamp_pool4
Swamp:3:  layout_basic_swamp, evilmike_swamp_ruin_rubble_2, uniq_mara
Snake:1:  layout_layer_cave, basic_altar, serial_shops,
          nicolae_shop_competitors_out_of_business, minmay_shoptagon,
          uniq_rupert
Snake:2:  minmay_snake_river, layout_gridlike, basic_altar,
          nicolae_triple_integral
Snake:3:  layout_concentric_octagons, nicolae_snake_gridmaze_spiral, st_stairs_6
Snake:4:  grunt_snake_rune_pools, layout_basic, gammafunk_ghost_split,
          nicolae_snake_gridmaze_zigzag, st_stairs_14
Orc:1:    layout_caves, ebering_ghost_xom
Orc:2:    grunt_orc_community_town_hall, layout_caves,
          grunt_orc_community_big_house_1, grunt_orc_community_big_house_2,
          grunt_orc_community_house_3, grunt_orc_community_house_1,
          grunt_orc_community_house_3, grunt_orc_community_house_3,
          grunt_orc_community_house_2

Skill      XL: |  1  2  3  4  5  6  7  8  9 10 11 12 13 14 15 16 17 18 |
---------------+-------------------------------------------------------+-----
Stealth        | 1 2 3 4 6 7 8 10 11 12 13 14 15 | 15.3
Spellcasting   | 1 2 3 4 5 6 7 8 9 10 | 10.1
Conjurations   | 1 2 3 4 5 6 7 8 9 10 | 10.1
Fire Magic     | 1 2 3 4 5 6 7 8 9 10 | 10.7
Dodging        | 4 5 6 7 8 9 10 11 | 11.3
Unarmed Combat | 4 5 6 7 8 9 10 11 | 11.4
Fighting       | 4 5 6 7 8 9 10 11 | 11.5
Air Magic      | 2 4 5 6 7 8 9 |  9.6
Poison Magic   | 2 4 5 7 8 |  8.0
Invocations    | 2 5 7 8 9 10 | 10.1
Evocations     | 1 3 5 6 7 |  7.7
Transmutations | 1 3 5 |  5.5
Earth Magic    | 3 4 5 |  5.3

Action                     |  1- 3 |  4- 6 |  7- 9 | 10-12 | 13-15 | 16-18 || total
---------------------------+-------+-------+-------+-------+-------+-------++-------
  Melee: Unarmed           |    47 |   111 |   120 |       |   103 |   177 ||   558
         Constrict         |    15 |    23 |    27 |    36 |    63 |    26 ||   190
         Tentacles         |    10 |    34 |    49 |    48 |   131 |    57 ||   329
         Punch             |     1 |     4 |     9 |    10 |    51 |    19 ||    94
         Dagger            |       |       |    39 |   170 |   318 |     1 ||   528
         Whip              |       |       |       |    26 |    19 |       ||    45
  Throw: Throwing net      |       |       |     1 |       |     2 |       ||     3
         Dart              |       |       |       |     1 |    16 |       ||    17
   Cast: Foxfire           |     6 |    75 |   259 |   399 |   401 |    12 ||  1152
         Searing Ray       |       |       |     1 |    17 |     3 |     3 ||    24
         Fireball          |       |       |       |       |   166 |   206 ||   372
         Olgreb's Toxic Ra |       |       |       |       |    50 |    19 ||    69
         Ignite Poison     |       |       |       |       |     1 |    12 ||    13
         Freezing Cloud    |       |       |       |       |       |    50 ||    50
         Summon Lightning  |       |       |       |       |       |    15 ||    15
         Plasma Beam       |       |       |       |       |       |    16 ||    16
 Invoke: Ancestor Life: Kn |       |       |       |     1 |       |       ||     1
         Recall Ancestor   |       |       |       |     4 |    13 |    12 ||    29
         Transference      |       |       |       |       |     1 |     2 ||     3
         Idealise          |       |       |       |       |       |     2 ||     2
  Evoke: Wand              |       |     2 |     3 |    18 |    27 |     5 ||    55
         Box of beasts     |       |       |       |       |       |     1 ||     1
    Use: Scroll            |     1 |     7 |     2 |    11 |    18 |    12 ||    51
         Potion            |       |     7 |       |     1 |    11 |     3 ||    22
   Stab: Sleeping          |     7 |     3 |     3 |     5 |    31 |     7 ||    56
         Paralysed         |       |       |     2 |     8 |     7 |       ||    17
         Distracted        |       |       |       |     2 |     4 |       ||     6
         Invisible         |       |       |       |     2 |       |       ||     2
 Armour: Skin              |    12 |     4 |    13 |    34 |   162 |    53 ||   278
  Dodge: Dodged            |    22 |    80 |    81 |   146 |   473 |   196 ||   998
